 Dungeon Crawl Stone Soup version 0.32-a0-131-g9dbbe29261 (webtiles) character file.

Game seed: 4901456810570206247

336 PriceMaster the Gusty (level 6, -9/45 HPs)
             Began as a Demigod Air Elementalist on Feb 9, 2024.
             Mangled by a hornet (15 damage)
             ... on level 4 of the Dungeon.
             The game lasted 00:07:00 (4550 turns).

PriceMaster the Gusty (Demigod Air Elementalist)    Turns: 4550, Time: 00:07:01

Health: -9/45      AC:  6    Str:  9    XL:     6   Next: 6%
Magic:  1/13       EV: 12    Int: 25    God:
Gold:   225        SH:  0    Dex: 14    Spells: 5/11 levels left

rFire   x . .        b - +2 trident (protect)
rCold   + . .        (no shield)
rNeg    . . .        k - +0 robe {Will+}
rPois   .            e - +0 helmet
rElec   .            d - +2 cloak
rCorr   .            (no gloves)
SInv    .            (no boots)
Will    +....        (no amulet)
Stlth   ++           l - ring of wizardry
HPRegen 0.27/turn    c - ring of ice
MPRegen 0.13/turn

%: wizardry (x1)
@: brilliant, slowed, invisible, very slow
A: high MP 1, forlorn, divine attributes
a: no special abilities


You were on level 4 of the Dungeon.
You visited 1 branch of the dungeon, and saw 4 of its levels.

You collected 225 gold pieces.

Inventory:

Hand Weapons
 b - a +2 trident of protection (weapon)
 h - a +0 whip
Armour
 a - a +0 robe
 d - a +2 cloak (worn)
 e - a +0 helmet (worn)
 k - a +0 robe of willpower (worn)
Jewellery
 c - a ring of ice (right hand)
 f - a ring of flight
 l - a ring of wizardry (left hand)
Wands
 s - a wand of mindburst (9)
Scrolls
 n - a scroll of enchant armour {unknown}
 r - a scroll of amnesia {unknown}
 t - a scroll of teleportation {unknown}
Potions
 g - a potion of cancellation
 v - 2 potions of degeneration {unknown}


   Skills:
 + Level 0.7 Maces & Flails
 + Level 0.4 Polearms
 + Level 2.3 Dodging
 + Level 2.3 Stealth
 + Level 3.1 Spellcasting
 + Level 2.4 Conjurations
 + Level 4.3 Air Magic
 + Level 0.5 Evocations


You had 5 spell levels left.
You knew the following spells:

 Your Spells              Type           Power      Damage    Failure   Level
a - Shock                 Conj/Air       100%       1d9       1%          1
b - Static Discharge      Conj/Air       62%        3-6/arc   1%          2
c - Swiftness             Air            38%        N/A       1%          3

Your spell library contained the following spells:

 Spells                   Type           Power      Damage    Failure   Level
 Airstrike                Air            19%        2d(3-19)  6%          4


Dungeon Overview and Level Annotations

Branches:
Dungeon (4/15)
 Temple: D:4-7


Innate Abilities, Weirdness & Mutations

You have an increased reservoir of magic. (+10% MP)
You shall have no god before yourself.
Your divine heritage dramatically boosts your attributes as you level up.


Message History

You feel as though you will be slow longer.
You feel better. The hornet stings you!
* * * LOW HITPOINT WARNING * * *
You feel as though you will be slow longer.
The hornet stings you but does no damage.
You enter the shallow water.
Moving in this stuff is going to be slow. ...and don't expect to remain undetected.
The hornet stings you!
* * * LOW HITPOINT WARNING * * *
You suddenly lose the ability to move!
The hornet stings you but does no damage.
The hobgoblin hits you but does no damage.
You can move again.
Blink to where?
Press: ? - help, Dir - move target
As you read the scroll of blinking, it crumbles to dust.
You feel much better.
You start to feel a little faster.
A goblin comes into view. It is wielding a +0 dagger.
The goblin moves out of view.
You no longer feel sluggish.
The hornet stings you!
* * * LOW HITPOINT WARNING * * *
You feel as though you will be slow longer.
The hornet closely misses you.
Casting: Shock (safe; 1% risk of failure)
Confirm with . or Enter, or press ? or * to list all spells.
You feel a surge of power!
The hornet is struck by an arc of lightning.
The hornet is lightly wounded.
You are struck by an arc of lightning.
* * * LOW HITPOINT WARNING * * *
The hornet is struck by an arc of lightning!
The hornet is moderately wounded.
The lightning grounds out.
The hornet stings you.
* * * LOW HITPOINT WARNING * * *
You feel as though you will be slow longer.
The hornet closely misses you. The hornet stings you!
You die...

###.~~~~.....).......
###.#.......~≈~~....#..
###...#.~≈~~~.≈≈≈~.!†.#
##.......~≈≈≈g.~≈≈~$...#
#...#....~≈≈≈~.≈≈≈~.....†
###.##...~~≈~~.≈g≈~....(#.
###..###...............###
###.....#.....y.#....#....
##....##.......@.......
#...### .##..#.........
#...########...........
##....#..#####..........
...........# #..........
#...#..#..####....####..
##.#####.........## ..
####............#
#......#.##.. ###.........


You could see a hornet (unable to see you), a hobgoblin (unable to see you) and
a goblin (wandering, unable to see you).

Vanquished Creatures
  An ice beast (D:4)
  Crazy Yiuf (D:2)
  An iguana (D:4)
  An orc wizard (D:4)
  Robin (D:2)
  4 adders
  5 dart slugs
  7 orcs (D:4)
  8 endoplasms
  6 giant cockroaches
  16 goblins
  9 hobgoblins
  4 jackals (D:4)
  3 quokkas
  7 ball pythons
  4 bats
  2 frilled lizards (D:1)
  6 kobolds
  5 rats
91 creatures vanquished.

Notes
Turn   | Place    | Note
-------+----------+-------------------------------------------
     0 | D:1      | PriceMaster the Demigod Air Elementalist began the quest
                  | for the Orb.
     0 | D:1      | Reached XP level 1. HP: 14/14 MP: 5/5
    88 | D:1      | Reached skill level 3 in Air Magic
   297 | D:1      | Reached XP level 2. HP: 20/20 MP: 1/7
   300 | D:1      | Learned a level 2 spell: Static Discharge
   484 | D:1      | Reached skill level 1 in Conjurations
   793 | D:1      | Reached XP level 3. HP: 26/26 MP: 2/8
   896 | D:1      | Learned a level 3 spell: Swiftness
  2014 | D:2      | Noticed Robin
  2025 | D:2      | Killed Robin
  2033 | D:2      | Reached XP level 4. HP: 13/33 MP: 0/10
  2257 | D:2      | Found a runed translucent door.
  2258 | D:2      | Noticed Crazy Yiuf
  2268 | D:2      | Killed Crazy Yiuf
  4125 | D:4      | Noticed an ice beast
  4128 | D:4      | Reached skill level 4 in Air Magic
  4128 | D:4      | Reached XP level 5. HP: 38/38 MP: 3/11
  4136 | D:4      | Killed an ice beast
  4470 | D:4      | Reached XP level 6. HP: 45/45 MP: 9/13
  4537 | D:4      | Noticed a hornet
  4545 | D:4      | HP: 2/45 [hornet (12)]
  4545 | D:4      | Paralysed by a hornet for 2 turns
  4550 | D:4      | Mangled by a hornet

Illustrated notes

Levels and vault maps discovered:
D:1:      arrival_zaba_pyramid, layout_basic, grunt_decor_one_mirror
D:2:      layout_basic, uniq_crazy_yiuf_cottage, uniq_robin
D:3:      wander_river, layout_basic, shapermc_ecumenical_altar_ellora,
          minmay_pentangle
D:4:      layout_cave_pools, minivault_14, minmay_manual_monolith

Skill      XL: |  1  2  3  4  5 |
---------------+----------------+-----
Air Magic      | 3 4 |  4.3
Spellcasting   | 2 3 |  3.1
Dodging        | 2 |  2.3
Conjurations   | 1 2 |  2.4
Stealth        | 2 |  2.3
Maces & Flails | |  0.7
Polearms       | |  0.4
Evocations     | |  0.5

Action                     |  1- 3 |  4- 6 || total
---------------------------+-------+-------++-------
  Melee: Unarmed           |    38 |       ||    38
         Whip              |    13 |       ||    13
         Trident           |     2 |    21 ||    23
         Punch             |       |     1 ||     1
   Cast: Shock             |    80 |    73 ||   153
         Static Discharge  |     5 |    10 ||    15
         Swiftness         |     5 |     7 ||    12
  Evoke: Wand              |       |     6 ||     6
    Use: Potion            |     1 |     7 ||     8
         Scroll            |     1 |     6 ||     7
   Stab: Sleeping          |     1 |     2 ||     3
 Armour: Robe              |    51 |    46 ||    97
  Dodge: Dodged            |    30 |    19 ||    49

Table legend: (Time is in decaauts)
 A = Elapsed time spent in this place.
 B = Non-inter-level travel time spent in this place.
 C = Inter-level travel time spent in this place.
 D = Time resting spent in this place.
 E = Time spent auto-exploring this place.
 F = Levels seen in this place.
 G = Mean time per level.
                   A        B        C        D        E       F      G
               +--------+--------+--------+--------+--------+-----+--------+
         Total |   4573 |   4489 |     84 |    278 |   3682 |   4 | 1143.2 |
       Dungeon |   4573 |   4489 |     84 |    278 |   3682 |   4 | 1143.2 |
               +--------+--------+--------+--------+--------+-----+--------+

Top non-repeatable levels by time:
     D:3: 1538 daAuts
     D:2: 1437 daAuts
     D:1: 1160 daAuts
     D:4: 436 daAuts
